 Dungeon Crawl Stone Soup version 0.25.1-2-g60ff931df9 (console) character file.

Game seed: 2020063782137844169

35 Colgate the Chiller (level 3, -15/24 HPs)
             Began as a Merfolk Ice Elementalist on Aug 13, 2020.
             Engulfed by a cloud of flame (24 damage)
             ... on level 1 of the Dungeon.
             The game lasted 00:10:14 (1296 turns).

Colgate the Chiller (Merfolk Ice Elementalist)      Turns: 1296, Time: 00:10:14

Health: -15/24     AC:  2    Str:  8    XL:     3   Next: 33%
Magic:  6/6        EV: 13    Int: 15    God:
Gold:   97         SH:  0    Dex: 14    Spells: 2/6 levels left

rFire    . . .     SeeInvis .   f - +0 dagger
rCold    . . .     Gourm    .   (no shield)
rNeg     . . .     Faith    .   a - +0 robe
rPois    .         Spirit   .   (no helmet)
rElec    .         Reflect  .   (no cloak)
rCorr    .         Harm     .   (no gloves)
MR       .....                  (no boots)
Stlth    ++........             (no amulet)
HPRegen  0.08/turn              (no ring)
MPRegen  0.10/turn              (no ring)

@: no status effects
A: change form in water, swift swim, stealthy swim
a: no special abilities


You were on level 1 of the Dungeon.
You were not hungry.

You visited 1 branch of the dungeon, and saw 1 of its levels.

You collected 97 gold pieces.

Inventory:

Hand Weapons
 f - a +0 dagger (weapon)
Missiles
 d - 23 stones (quivered)
Armour
 a - a +0 robe (worn)
Potions
 b - a potion of might {unknown}
 e - a potion of degeneration {unknown}
Comestibles
 c - 4 rations
 g - a chunk of flesh


   Skills:
 - Level 2.6 Dodging
 - Level 2.1 Stealth
 - Level 2.0 Spellcasting
 + Level 5.6 Ice Magic


You had 2 spell levels left.
You knew the following spells:

 Your Spells              Type           Power        Failure   Level  Hunger
a - Freeze                Ice            ###.         2%          1    #......
b - Frozen Ramparts       Ice            ###...       7%          3    ###....

Your spell library contained the following spells:

 Spells                   Type           Power        Failure   Level  Hunger
 Ozocubu's Armour         Chrm/Ice       #.......     22%         3    ###....
 Hailstorm                Conj/Ice       #.......     56%         4    #####..
 Summon Ice Beast         Ice/Summ       #.......     56%         4    #####..


Dungeon Overview and Level Annotations

Branches:
Dungeon (1/15)

Altars:


Message History

g - a chunk of flesh You see here a rat skeleton.
Sorry, you're not good enough to have a special ability.
You hit the plant but do no damage.
The plant is severely damaged.
You see here a rat skeleton.
You hit the bush.
The bush is lightly damaged.
Partly explored, can't reach some items and places.
Search for what [Enter for "d:1", or ? for help]?
Search for what [Enter for "d:1", or ? for help]?
Really walk into that cloud of flame?
Really walk into a travel-excluded area?
You are engulfed in blazing flames.
Ouch! That really hurt!
You see here 2 stones.
d - 23 stones (gained 2)
You are engulfed in blazing flames.
Ouch! That really hurt!
You die...

#................#)
#..................
#..................
#..................
#.........##+##....
##)#####..##>......
#♣♣#P)PPP♣#..#####....
#P#P...PP♣#..#####....
#P#.....P♣#...........
♣..§...≈♣#...........
#...@...P#...........
♣.......##........###
♣P.....P♣#........#
♣PP...#P♣#........#
#P÷###P#♣############
#PP...PP♣ #....
#PP...PP♣ #.###
♣♣PP.PP♣# #.# #PP#PP#♣
#.# ##♣♣##♣ #.# #.#


There were no monsters in sight!

Vanquished Creatures
  A dart slug (D:1)
  2 leopard geckos (D:1)
  4 giant cockroaches (D:1)
  3 goblins (D:1)
  2 jackals (D:1)
  A ball python (D:1)
  5 bats (D:1)
  A frilled lizard (D:1)
  5 kobolds (D:1)
  6 rats (D:1)
  A plant (D:1)
31 creatures vanquished.

Notes
Turn   | Place    | Note
-------+----------+-------------------------------------------
     0 | D:1      | Colgate the Merfolk Ice Elementalist began the quest for
                  | the Orb.
     0 | D:1      | Reached XP level 1. HP: 13/13 MP: 3/3
   210 | D:1      | Reached XP level 2. HP: 19/19 MP: 1/5
   305 | D:1      | Reached skill level 5 in Ice Magic
   733 | D:1      | Reached XP level 3. HP: 24/24 MP: 4/6
   738 | D:1      | Learned a level 3 spell: Frozen Ramparts
  1296 | D:1      | Engulfed by a cloud of flame

Illustrated notes

Levels and vault maps discovered:
D:1:      lightli_arrival_maybe_door_vault, layout_basic,
          lexackson_kobold_supper

Skill      XL: |  1  2 |
---------------+-------+-----
Ice Magic      | 5 |  5.6
Dodging        | |  2.6
Stealth        | |  2.1
Spellcasting   | |  2.0

Action                   || total
-------------------------++-------
Melee: Unarmed           ||     2
       Dagger            ||    59
Throw: Stone             ||    43
 Cast: Freeze            ||    31
       Frozen Ramparts   ||     2
 Stab: Sleeping          ||     4
  Eat: Chunk             ||     2
Armor: Robe              ||     3
Dodge: Dodged            ||    18
